Map: Abyssal Reef LE

Players

FLORENCIO - Winner!

  • Race: Protoss Protoss
  • League: Master
  • Spawn Location: 5:00

OVERMAZTER

  • Race: Zerg Zerg
  • League: Gold
  • Spawn Location: 11:00

VOD

Have the link to the VOD?

Description

Time

  • Played on: June 24, 2017, 8:39 p.m.
  • Length: 15:19
Show
View Real Time Build Order
Export as new Build Order

FLORENCIO Protoss - Winner!

Build Orders:  

Get SALT Encoding   

  12  0:00  Probe (Chrono Boost)  
  13  0:20  Probe (Chrono Boost)  
  14  0:24  Pylon  
  14  0:31  Probe (Chrono Boost)  
  15  0:42  Probe (Chrono Boost)  
  16  0:48  Gateway  
  16  0:52  Gateway  
  16  0:55  Probe (Chrono Boost)  
  17  1:05  Probe (Chrono Boost)  
  18  1:12  Pylon  
  18  1:16  Probe (Chrono Boost)  
  19  1:26  Probe (Chrono Boost)  
  20  1:36  Zealot  
  20  1:39  Zealot  
  24  2:01  Forge  
  24  2:03  Zealot  
  24  2:06  Zealot  
  28  2:16  Pylon  
  28  2:19  Probe (Chrono Boost)  
  29  2:39  Photon Cannon  
  25  3:03  Zealot x2  
  29  3:06  Assimilator  
  29  3:10  Assimilator  
  25  3:17  Probe (Chrono Boost)  
  25  3:19  Nexus  
  26  3:21  Photon Cannon  
  26  3:28  Probe (Chrono Boost)  
  27  3:38  Probe (Chrono Boost)  
  28  3:46  Zealot  
  30  3:49  Probe (Chrono Boost)  
  31  4:01  Pylon  
  31  4:04  Pylon  
  31  4:08  Protoss Ground Weapons Level 1 (Chrono Boost)  
  31  4:19  Zealot  
  33  4:27  Zealot  
  35  4:31  Photon Cannon  
  35  4:34  Photon Cannon  
  35  4:46  Zealot  
  35  4:48  Probe  
  35  4:51  Probe  
  39  4:54  Zealot  
  39  4:58  Probe, Cybernetics Core  
  41  5:03  Probe  
  44  5:16  Probe  
  44  5:21  Assimilator  
  45  5:24  Assimilator  
  45  5:27  Probe  
  44  5:42  Pylon  
  44  5:47  Stargate  
  44  5:48  Stargate  
  30  6:12  Photon Cannon  
  30  6:13  Photon Cannon  
  30  6:14  Pylon  
  30  6:16  Probe  
  31  6:26  Probe  
  32  6:35  Void Ray  
  32  6:37  Pylon, Void Ray  
  40  6:42  Fleet Beacon  
  40  6:49  Probe  
  43  6:54  Mothership Core  
  43  7:00  Probe  
  44  7:10  Probe  
  45  7:27  Carrier x2 (Chrono Boost)  
  45  7:28  Probe  
  58  7:37  Graviton Catapult (Chrono Boost)  
  58  7:39  Probe  
  59  8:10  Probe  
  60  8:20  Probe  
  61  8:35  Pylon  
  61  8:40  Pylon  
  61  8:41  Protoss Air Weapons Level 1  
  61  8:43  Probe  
  61  8:46  Pylon  
  62  8:51  Carrier x2 (Chrono Boost)  
  62  8:55  Probe  
  73  9:45  Nexus  
  73  9:47  Pylon  
  73  9:51  Stargate  
  75  9:53  Mothership Core  
  75  10:06  Carrier x2 (Chrono Boost)  
  87  10:30  Pylon  
  93  10:47  Carrier (Chrono Boost)  
  93  10:49  Assimilator  
  93  10:53  Assimilator  
  93  11:20  Carrier (Chrono Boost)  
  93  11:21  Carrier (Chrono Boost)  
  93  11:25  Probe  
  106  11:35  Probe  
  107  11:46  Probe  
  100  12:17  Photon Cannon  
  100  12:19  Photon Cannon  
  100  12:20  Photon Cannon  
  100  12:21  Photon Cannon  
  100  12:23  Pylon  
  110  12:31  Void Ray (Chrono Boost)  
  110  12:34  Void Ray (Chrono Boost)  
  110  12:35  Carrier (Chrono Boost)  
  103  13:02  Pylon  
  102  13:06  Pylon  
  102  13:12  Void Ray (Chrono Boost)  
  110  13:14  Void Ray (Chrono Boost)  
  110  13:49  Void Ray x2 (Chrono Boost)  
  122  13:56  Void Ray (Chrono Boost)  
  115  14:37  Probe  
  116  14:51  Nexus  
Show
View Real Time Build Order
Export as new Build Order

OVERMAZTER Zerg 

Build Orders: Hatch First 

Get SALT Encoding   

  12  0:01  Drone  
  13  0:14  Overlord  
  13  0:20  Drone  
  14  0:24  Extractor  
  14  0:26  Drone  
  15  0:36  Drone x2  
  17  0:56  Hatchery  
  16  1:01  Drone  
  16  1:03  Drone  
  18  1:05  Extractor  
  17  1:19  Spawning Pool  
  17  1:25  Drone  
  17  1:30  Drone x2  
  19  1:41  Overlord  
  19  2:10  Zergling x4  
  19  2:13  Queen  
  19  2:14  Metabolic Boost  
  23  2:16  Queen  
  25  2:46  Zergling x12  
  29  2:57  Zergling x4  
  31  3:04  Spine Crawler  
  29  3:20  Drone x2  
  31  3:29  Overlord  
  31  3:31  Drone  
  31  3:32  Drone x3  
  35  3:50  Drone x3  
  35  3:53  Extractor  
  35  3:54  Drone x3  
  40  3:58  Overlord  
  40  4:07  Lair  
  40  4:13  Burrow  
  40  4:20  Roach Warren  
  39  4:25  Drone x3  
  42  4:38  Drone x4  
  43  4:39  Drone x2  
  43  4:43  Overlord  
  48  4:53  Overlord  
  48  5:04  Drone x2  
  48  5:05  Overlord x2  
  48  5:06  Glial Reconstitution  
  50  5:15  Drone x3  
  50  5:17  Extractor  
  52  5:31  Overlord x2  
  52  5:33  Roach  
  52  5:34  Roach  
  56  5:37  Roach x3  
  62  5:43  Roach x2  
  62  5:49  Evolution Chamber  
  65  5:51  Overseer  
  59  6:08  Drone x2  
  61  6:13  Drone x2  
  61  6:15  Roach  
  61  6:16  Roach x5  
  75  6:22  Hatchery  
  74  6:36  Spire  
  70  6:54  Zerg Missile Weapons Level 1  
  69  6:59  Spore Crawler  
  68  7:03  Hydralisk Den  
  68  7:04  Drone x2  
  68  7:05  Drone  
  68  7:06  Extractor  
  70  7:09  Overlord x3  
  70  7:11  Ravager  
  70  7:12  Ravager  
  72  7:20  Spore Crawler  
  71  7:23  Spore Crawler  
  70  7:36  Hydralisk x8  
  70  7:37  Hydralisk x2  
  90  7:45  Pneumatized Carapace  
  90  7:49  Muscular Augments, Spore Crawler  
  89  7:52  Drone x3  
  89  7:57  Hydralisk  
  89  7:58  Hydralisk  
  96  8:04  Spore Crawler  
  95  8:18  Spire, Drone x4  
  95  8:19  Drone x4  
  102  8:26  Ravager  
  103  8:40  Drone  
  103  8:41  Drone x3  
  107  8:44  Overlord x2, Extractor  
  107  8:48  Ravager x2  
  108  8:49  Hydralisk x3  
  108  8:50  Overlord  
  108  8:53  Overlord  
  112  9:20  Hydralisk  
  112  9:21  Hydralisk x2  
  116  9:32  Corruptor x3  
  116  9:37  Extractor  
  119  9:39  Overlord x2  
  119  9:50  Hatchery, Overseer  
  118  9:54  Zerg Missile Weapons Level 2  
  118  9:57  Drone x3  
  121  10:01  Drone  
  121  10:02  Drone x2  
  124  10:25  Overlord x2  
  124  10:26  Queen  
  124  10:27  Corruptor x5  
  136  10:29  Zergling x2  
  136  10:30  Zergling x4  
  127  10:48  Corruptor x4  
  135  10:59  Corruptor x2  
  135  11:02  Overlord  
  139  11:10  Spore Crawler  
  139  11:11  Spore Crawler  
  137  11:18  Nydus Network  
  136  11:23  Hydralisk x4  
  136  11:24  Hydralisk  
  146  11:31  Hydralisk x2  
  150  11:44  Corruptor x2  
  154  11:52  Zerg Flyer Weapons Level 1  
  154  11:55  Drone x3  
  154  11:56  Drone x5  
  162  12:08  Overlord  
  162  12:14  Overlord  
  162  12:18  Hydralisk x3  
  168  12:31  Overlord, Roach  
  168  12:32  Overlord x2, Roach x3  
  175  12:50  Corruptor x2  
  175  12:51  Corruptor x4  
  179  12:52  Corruptor  
  179  12:55  Extractor  
  179  12:56  Extractor  
  187  13:10  Nydus Canal  
  173  13:44  Hydralisk x6  
  173  13:45  Hydralisk x3  
  173  13:46  Zergling x2  
  192  13:59  Overlord x4  
  189  14:14  Hatchery  
  162  14:22  Corruptor x9  
  141  14:40  Corruptor x2  
  145  14:51  Drone, Hydralisk x4  
Tags
 
Add a new tag
Caveats
  • Supply blocks, unpowered buildings, or Contaminate may cause inaccurate times.
  • Supply counts are checked every 10 seconds.